Unix NetHack Version 5.0.0-0 post-release - last build May  4 2026 22:22:43 (774f63e81ad911689b3a0859ea89b322d5daca8d,branch:main).

Game began 2026-05-05 07:14:28, ended 2026-05-05 09:38:41.

246786432, neutral female gnomish Healer

 ------
 |....|                                             --------
 |....|         ------#-                           #.......|     ---------
 |.....#        |......-#     #                    #|......|     |..{....|
 |....|#        |......|#     #       #            #|.{....|    #-^......|
 ------#        ----.---#     #       #            #--------    #|.......|
  ########        ###   #     ##      #            #    ###     #|.......|
       # ##       #     #      #      #           ##      #     #---------
       #  #       #     #      #e#    #        ###        #     #
       #  #################### #################`######   #     #
       #         ##      #-------@   #---------#      #####`######
       #---------.--     #.....r:e   #......[.|#         -|------#
       #|..........|      |.....|     |.......|#         |......-#
       #|..........|      |.....|     |........#         |......|
        |<.........|      |.....|     ---------     #### |......|
        |..........|      -------                      ##.....>.|
        ------------                                     --------

246786432 the Empiric        St:8 Dx:11 Co:17 In:11 Wi:16 Ch:17  Neutral
Dlvl:3  $:1754 HP:0(31) Pw:12(12) AC:8  Xp:3 T:1249 

Latest messages:
 $ - 4 gold pieces (1754 in total).
 The door resists!
 The door opens.
 The door opens.
 You feel your magical energy drain away!
 You hit the yellow mold.
 You kill the yellow mold!
 You see here a yellow mold corpse.
 x - a yellow mold corpse.
 You see here a scroll labeled KIRJE.
 y - a scroll labeled KIRJE.
 You could drink the water...
 Really step onto that anti-magic field? [yn] (n) y
 You feel your magical energy drain away!
 You descend the stairs.
 You climb up the stairs.
 You hit the acid blob.
 You are splashed by the acid blob's acid!
 You kill the acid blob!
 You are splashed by the acid blob's acid!
 You see here a whistle.
 You see here a whistle.
 z - a whistle.
 The grid bug bites!
 You get zapped!
 You kill the grid bug!
 You hit the floating eye.
 You are frozen by the floating eye's gaze!
 The iguana bites!
 The iguana bites!
 The iguana bites!
 The iguana bites!
 The iguana bites!
 The hobbit wields a runed dagger!
 The hobbit throws a runed dagger!
 The runed dagger hits the iguana.
 The iguana bites!
 The iguana bites!
 The iguana bites!
 The iguana bites!
 The iguana bites!
 The iguana bites!
 The iguana bites!
 The iguana bites!
 You die...
 Do you want your possessions identified? [ynq] (y) y
 Do you want to see your attributes? [ynq] (y) y
 Do you want an account of creatures vanquished? [ynaq] (y) y
 Do you want to see your conduct and achievements? [ynq] (y) y
 Do you want to see the dungeon overview? [ynq] (y) y

Inventory:
 Coins    ('$')
  $ - 1754 gold pieces
 Weapons  (')')
  a - a +0 scalpel (weapon in right hand)
 Armor    ('[')
  b - an uncursed +1 pair of leather gloves (being worn)
 Comestibles  ('%')
  k - 5 uncursed apples
  o - an uncursed tin of spinach
  m - an uncursed lichen corpse
  x - an uncursed yellow mold corpse
 Scrolls  ('?')
  q - an uncursed scroll of identify
  y - an uncursed scroll of magic mapping
 Spellbooks  ('+')
  i - a blessed spellbook of extra healing
  h - a blessed spellbook of healing
  j - a blessed spellbook of stone to flesh
 Potions  ('!')
  f - 4 uncursed potions of extra healing
  d - a blessed potion of healing
  e - 3 uncursed potions of healing
 Wands    ('/')
  g - a wand of sleep (0:6)
  v - a wand of sleep (0:6)
 Tools    ('(')
  r - a +0 grappling hook
  w - an uncursed leash
  z - an uncursed magic whistle
  c - an uncursed stethoscope
 Gems/Stones  ('*')
  l - an uncursed worthless piece of black glass

246786432 the Healer's attributes:

Background:
 You were an Empiric, a level 3 female gnomish Healer.
 You were neutral, on a mission for Hermes
 who was opposed by Athena (lawful) and Poseidon (chaotic).
 You were right-handed.
 You were in the Dungeons of Doom, on level 3.
 You entered the dungeon 1249 turns ago.
 You had 52 experience points, 28 more were needed to attain level 4.

Basics:
 You had 0 out of 31 hit points.
 You had all 12 energy points (spell power).
 Your armor class was 8.
 Your wallet contained 1754 zorkmids.
 Autopickup was off.

Final Characteristics:
 Your strength was 8 (limit:18/50).
 Your dexterity was 11 (limit:18).
 Your constitution was 17 (limit:18).
 Your intelligence was 11 (limit:19).
 Your wisdom was 16 (limit:18).
 Your charisma was 17 (limit:18).

Final Status:
 You weren't hungry.
 You were unencumbered.
 You were wielding a knife.
 You had basic skill with knife.

Final Attributes:
 You were devoutly aligned.
 You were poison resistant.
 You had infravision.
 You are dead.

Miscellaneous:
 You didn't encounter any bones levels.
 Total elapsed playing time was 25 minutes and 4 seconds.

Major events:
 Turn
    1: 246786432 the neutral female gnomish Healer entered the dungeon
  830: attained the rank of Empiric (level 3)
 1249: killed by an iguana, while frozen by a floating eye's gaze

Spells:
 Name                 Level Category     Fail Retention
 healing                1   healing        0%  91%-100%
 extra healing          3   healing        0%  91%-100%
 stone to flesh         3   healing        4%  91%-100%

Skills:
 Fighting Skills
   bare handed combat [Unskilled]
 Weapon Skills
   dagger             [Unskilled]
   knife              [Basic]
   short sword        [Unskilled]
   saber              [Unskilled]
   club               [Unskilled]
   mace               [Unskilled]
   quarterstaff       [Unskilled]
   polearms           [Unskilled]
   spear              [Unskilled]
   trident            [Unskilled]
   sling              [Unskilled]
   dart               [Unskilled]
   shuriken           [Unskilled]
   unicorn horn       [Unskilled]
 Spellcasting Skills
   healing spells     [Basic]

Voluntary challenges:
 Character rerolling was not enabled.
 You were illiterate.
 You never genocided any monsters.
 You never polymorphed an object.
 You never changed form.
 You used no wishes.
Achievement:
 You attained the rank of Empiric.

 The Dungeons of Doom: levels 1 to 4
    Level 1:
       A sink.
    Level 2:
    Level 3: <- You were here.
       Some fountains.
       Final resting place for
          you, killed by an iguana, while frozen by a floating eye's gaze.
    Level 4:


Vanquished creatures:
 an acid blob
  2 yellow molds
  a green mold
  2 jackals
  2 kobolds
  a goblin
  6 sewer rats
  3 grid bugs
  2 lichens
  2 newts
22 creatures vanquished.

No species were genocided or became extinct.

Game over:
                       ----------
                      /          \
                     /    REST    \
                    /      IN      \
                   /     PEACE      \
                  /                  \
                  |    246786432     |
                  |     1754 Au      |
                  |   killed by an   |
                  |      iguana      |
                  |                  |
                  |                  |
                  |       2026       |
                 *|     *  *  *      | *
        _________)/\\_//(\/(/\)/\//\/|_)_______

Goodbye 246786432 the Healer...

You died in The Dungeons of Doom on dungeon level 3 with 390 points,
and 1754 pieces of gold, after 1249 moves.
You were level 3 with a maximum of 31 hit points when you died.

